 Dungeon Crawl Stone Soup version 0.28-a0-653-g7e9dba17c3 (webtiles) character file.

Game seed: 15490384596386139002

388 ryw the Skirmisher (level 6, 0/70 (78) HPs)
             Began as a Demonspawn Gladiator on Oct 11, 2021.
             Slain by an orc priest (4 damage)
             ... on level 4 of the Dungeon.
             The game lasted 00:05:56 (4421 turns).

ryw the Skirmisher (Demonspawn Gladiator)           Turns: 4421, Time: 00:05:58

HP:   0/70 (78)     AC:  5    Str: 13 (14) XL:     6   Next: 49%
MP:   6/6           EV: 13    Int: 11      God:
Gold: 199           SH:  0    Dex: 13 (15) Spells: 5/5 levels left

rFire   + . .      SeeInvis .   n - +0 long sword
rCold   . . .      Faith    .   (no shield)
rNeg    . . .      Spirit   .   a - +0 leather armour
rPois   .          Reflect  .   p - +0 helmet
rElec   .          Harm     .   (no cloak)
rCorr   .          Rampage  .   g - +0 pair of gloves
Will    .....                   (no boots)
Stlth   ..........              (no amulet)
HPRegen 0.21/turn               q - ring of protection from fire
MPRegen 0.10/turn               (no ring)

@: berserking, drained, very quick
A: powered by death 2, sturdy frame 1, demonic magic 1
a: no special abilities


You were on level 4 of the Dungeon.
You visited 1 branch of the dungeon, and saw 4 of its levels.

You collected 199 gold pieces.

Inventory:

Hand Weapons
 n - a +0 long sword (weapon)
Missiles
 b - 4 curare-tipped darts
 c - 3 throwing nets (quivered)
 e - 10 poisoned darts
Armour
 a - a +0 leather armour (worn)
 g - a +0 pair of gloves (worn)
 p - a +0 helmet (worn)
Jewellery
 q - a ring of protection from fire (left hand)
Scrolls
 d - 3 scrolls of identify {unknown}
 f - 2 scrolls of teleportation {unknown}
 i - a scroll of enchant weapon {unknown}
 j - 2 scrolls of magic mapping {unknown}
 k - 2 scrolls of noise {unknown}
 m - a scroll of enchant armour {unknown}
 t - a scroll of vulnerability {unknown}
Potions
 h - 2 potions of berserk rage
 s - 2 potions of mutation {unknown}


   Skills:
 + Level 5.8 Fighting
 - Level 1.7 Throwing
 - Level 2.0 Armour
 + Level 3.7 Dodging
 - Level 2.6 Unarmed Combat


You had 5 spell levels left.
You didn't know any spells.
Your spell library contained the following spells:

 Spells                   Type           Power      Damage    Failure   Level
 Ensorcelled Hibernation  Hex/Ice        0%         N/A       50%         2
 Tukima's Dance           Hex            0%         N/A       73%         3


Dungeon Overview and Level Annotations

Branches:
Dungeon (4/15)
 Temple: D:4-7

Altars:


Innate Abilities, Weirdness & Mutations

You regenerate health from kills.
Your movements are slightly less encumbered by armour. (ER -2)
Spells you cast may paralyse adjacent enemies.


Message History

You closely miss the orc wizard.
The orc wizard is severely wounded.
The orc wizard hits you with a +0 dagger.
The orc closely misses you.
The orc priest hits you with a +0 dagger.
The orc hits you with a +0 dagger.
The orc wizard hits you with a +0 dagger.
The orc completely misses you.
You hit the orc wizard.
The orc wizard is almost dead.
The orc priest closely misses you. The orc misses you.
The orc wizard misses you. The orc closely misses you.
The orc barely misses you.
The orc priest hits you with a +0 dagger.
Unknown command.
You closely miss the orc wizard.
The orc wizard is almost dead.
The orc wizard hits you but does no damage.
The orc hits you with a +0 hand axe.
The orc priest calls down the wrath of Beogh upon you.
Beogh smites you!
* * * LOW HITPOINT WARNING * * *
The orc barely misses you. The orc wizard misses you.
You hit the orc wizard.
You kill the orc wizard!
The orc barely misses you.
The orc priest hits you with a +0 dagger.
* * * LOW HITPOINT WARNING * * *
The orc closely misses you. The orc hits you but does no damage.
The orc priest hits you with a +0 dagger.
* * * LOW HITPOINT WARNING * * *
The orc hits you but does no damage.
You feel your dexterity returning.
It was a potion of berserk rage.
A red film seems to cover your vision as you go berserk!
You feel yourself moving faster!
You feel mighty! The orc hits you with a +0 hand axe.
* * * LOW HITPOINT WARNING * * *
The orc priest hits you with a +0 dagger.
You die...

.## #.^# ..## #..#
...##########..## ##
....#...........### ####.
..................## ####..<.
.....########......#######....)..
......## ##.......##.........#
.......# ##.oo...........####
......## ##@)........######.
.....## ##o.......#####... .....#
##.........##...# ....##
##............)### ...##
##............##... ..##
#.............#..†. .##
##.........##....... ##
##...>.......##..#... #
#............##..#...


You could see an orc priest and 2 orcs.

Vanquished Creatures
  Menkaure (D:4)
  A centaur zombie (D:4)
  Terence (D:3)
  An iguana (D:4)
  An orc wizard (D:4)
  A hound skeleton (D:4)
  Robin (D:2)
  5 adders
  2 worms (D:3)
  A dart slug (D:1)
  8 orcs
  5 endoplasms
  A giant cockroach (D:2)
  13 goblins
  12 hobgoblins
  3 quokkas
  3 ball pythons (D:2)
  3 bats
  6 frilled lizards
  9 kobolds
  6 rats
84 creatures vanquished.

Notes
Turn   | Place    | Note
-------+----------+-------------------------------------------
     0 | D:1      | ryw the Demonspawn Gladiator began the quest for the Orb.
     0 | D:1      | Reached XP level 1. HP: 16/16 MP: 1/1
   344 | D:1      | Gained mutation: You regenerate a little health from kills.
                  | [demonic ancestry]
   344 | D:1      | Reached XP level 2. HP: 21/23 MP: 2/2
   548 | D:1      | Reached skill level 3 in Fighting
   573 | D:1      | Found a faded altar of an unknown god.
  1152 | D:2      | Gained mutation: Your movements are slightly less
                  | encumbered by armour. (ER -2) [demonic ancestry]
  1152 | D:2      | Reached XP level 3. HP: 24/29 MP: 3/3
  1350 | D:2      | Reached skill level 4 in Fighting
  1474 | D:2      | Noticed Robin
  1520 | D:2      | Killed Robin
  1521 | D:2      | Gained mutation: You regenerate health from kills. [demonic
                  | ancestry]
  1521 | D:2      | Reached XP level 4. HP: 37/38 MP: 4/4
  1987 | D:3      | Noticed Terence
  2000 | D:3      | Killed Terence
  2001 | D:3      | Reached skill level 5 in Fighting
  2926 | D:4      | Gained mutation: Spells you cast may paralyse adjacent
                  | enemies. [demonic ancestry]
  2926 | D:4      | Reached XP level 5. HP: 36/44 MP: 5/5
  3225 | D:4      | Reached skill level 1 in Armour
  3249 | D:4      | Noticed Menkaure
  3260 | D:4      | Killed Menkaure
  3261 | D:4      | Reached XP level 6. HP: 17/51 MP: 6/6
  4421 | D:4      | Slain by an orc priest

Illustrated notes

Levels and vault maps discovered:
D:1:      dpeg_arrival_concentric_ovals, layout_loops_ring,
          ebering_ecumenical_altar_webs
D:2:      minmay_chambers_of_ones, layout_loops_ring, minivault_26,
          grunt_ministairs_7, uniq_robin
D:3:      layout_loops_corners, uniq_terence
D:4:      layout_cave_pods, uniq_menkaure

Skill      XL: |  1  2  3  4  5  6 |
---------------+-------------------+-----
Fighting       | 3 4 5 |  5.8
Dodging        | 3 |  3.7
Armour         | 1 2 |  2.0
Throwing       | |  1.7
Unarmed Combat | |  2.6

Action                   |  1- 3 |  4- 6 || total
-------------------------+-------+-------++-------
Melee: Unarmed           |   121 |       ||   121
       Long sword        |    71 |   139 ||   210
       Punch             |     2 |     2 ||     4
  Use: Potion            |       |     5 ||     5
 Stab: Sleeping          |     2 |     3 ||     5
Armor: Leather armour    |    59 |    37 ||    96
       Scale mail        |       |    22 ||    22
Dodge: Dodged            |   126 |   110 ||   236

Table legend: (Time is in decaauts)
 A = Elapsed time spent in this place.
 B = Non-inter-level travel time spent in this place.
 C = Inter-level travel time spent in this place.
 D = Time resting spent in this place.
 E = Time spent auto-exploring this place.
 F = Levels seen in this place.
 G = Mean time per level.
                   A        B        C        D        E       F      G
               +--------+--------+--------+--------+--------+-----+--------+
         Total |   4499 |   4413 |     86 |    891 |   2664 |   4 | 1124.8 |
       Dungeon |   4499 |   4413 |     86 |    891 |   2664 |   4 | 1124.8 |
               +--------+--------+--------+--------+--------+-----+--------+

Top non-repeatable levels by time:
     D:4: 1572 daAuts
     D:1: 1070 daAuts
     D:3: 1040 daAuts
     D:2: 815 daAuts
